Cogmind - Beta 13 @@@ ROGUE MODE // 2024.04.05 @ 02:34:42 Player: TechnicalFowl Result: Destroyed by G-47 Trooper with Particle Gun Performance ------------- Evolutions (2) 1000 Regions Visited (5) 1000 Robots Destroyed (48) 240 Value Destroyed (1321) 1321 Prototype IDs (0) 0 Alien Tech Used (0) 0 Bonus (700) 700 TOTAL SCORE: 4261 Bonus ------- Entered Garrisons 200 Used RIF Installer 500 Cogmind --------- Core Integrity 0/550 Matter 246/300 Energy 263/265 System Corruption 3% Temperature Cool (9) Movement Treading (240) Ox1 Location -8/Materials Parts ------- > --- POWER (1) -------- Improved Ion Engine > --- PROPULSION (4) --- Light Treads > --- UTILITY (4) ------ Heat Sink Large Storage Unit Improved Terrain Scanner > --- WEAPON (2) ------- Particle Gun Heavy Assault Rifle > --- INVENTORY (15) --- Reinforced Ion Engine Peak State ------------ > --- POWER ------------ Improved Ion Engine > --- PROPULSION ------- Wheel Armored Wheel Armored Wheel > --- UTILITY ---------- Medium Storage Unit Structural Scanner ECM Suite > --- WEAPON ----------- Assault Rifle Heavy Assault Rifle > --- INVENTORY -------- Ion Engine Light Treads Wheel Terrain Scanner Heavy Assault Rifle Heavy Assault Rifle Heavy Assault Rifle [Rating: 14] Favorites ----------- Power Ion Engine Engine Ion Engine Propulsion Light Treads Treads Light Treads Wheel Armored Wheel Utility Medium Storage Unit Device Heat Sink Storage Medium Storage Unit Processor Targeting Computer Protection Light Armor Plating Weapon Heavy Assault Rifle Energy Gun Particle Gun Ballistic Gun Heavy Assault Rifle Ballistic Cannon Light Cannon Impact Weapon Hammer Build | -11 -10 -9 -9 -9 -8 ------- Run | Yrd Mat Mat Sto Gar Mat Slots Evolved 4 | . . 2 . . 2 Power . | . . . . . . Propulsion 2 | . . 1 . . 1 Utility 2 | . . 1 . . 1 Weapon . | . . . . . . Parts Attached 55 | 6 2 5 19 7 16 Power 7 | 1 . 1 3 . 2 Engine 7 | 1 . 1 3 . 2 Core . | . . . . . . Reactor . | . . . . . . Propulsion 13 | 2 . 1 6 1 3 Treads 6 | 2 . 1 1 . 2 Leg . | . . . . . . Wheel 7 | . . . 5 1 1 Hover . | . . . . . . Flight . | . . . . . . Utility 18 | 1 1 2 6 4 4 Device 10 | . 1 . 3 3 3 Storage 3 | 1 . 1 . . 1 Processor 1 | . . 1 . . . Hackware . | . . . . . . Protection 4 | . . . 3 1 . Artifact . | . . . . . . Weapon 17 | 2 1 1 4 2 7 Energy Gun 1 | . . . . . 1 Energy Cannon . | . . . . . . Ballistic Gun 13 | 2 . 1 4 1 5 Ballistic Cannon 1 | . 1 . . . . Launcher . | . . . . . . Special Weapon . | . . . . . . Impact Weapon 2 | . . . . 1 1 Slashing Weapon . | . . . . . . Piercing Weapon . | . . . . . . Special Melee Weapon . | . . . . . . Unidentified Prototypes . | . . . . . . Parts Lost 32 | . . . 13 5 14 Power 4 | . . . 2 . 2 Propulsion 9 | . . . 3 2 4 Utility 10 | . . . 5 2 3 Weapon 9 | . . . 3 1 5 Highest Loss Streak 13 | . . . 13 2 11 To Critical Strikes . | . . . . . . Average Slot Usage (%) 84 | . 96 90 81 85 62 Engine 10 | . 14 11 8 11 7 Treads 15 | . 28 24 15 . 9 Wheel 7 | . . . 5 25 2 Device 12 | . 11 11 13 10 17 Storage 11 | . 14 11 11 11 9 Processor 2 | . . 11 3 . . Protection 1 | . . . 2 5 . Ballistic Gun 17 | . 25 11 16 18 13 Ballistic Cannon 3 | . 2 11 4 . . Impact Weapon 1 | . . . . 2 2 Naked Turns . | . . . . . . Heaviest Build 36 | 13 16 22 25 27 36 Greatest Support 60 | 40 40 60 60 34 40 Greatest Overweight (x) 11 | . . . 4 1 11 Average Overweight (x) . | . . . . . . Largest Inventory Capacity 15 | 8 8 10 10 10 15 Average Capacity 10 | 7 8 9 10 10 14 Most Carried 10 | 5 8 10 10 10 7 Average Carried 6 | 1 5 9 7 7 3 Final Capacity 15 | 8 8 10 10 10 15 Final Carried 10 | 1 8 10 8 7 1 Class Distribution -------------------- 70% | Mutant 22% | Scavenger-Mutant 6% | Infiltrator-Mutant Dominant Class ---------------- Mutant | -10/Materials Mutant | -9/Materials Mutant | -9/Storage Mutant | -9/Garrison Scavenger-Mutant | -8/Materials Resources | -11 -10 -9 -9 -9 -8 ----------- Run | Yrd Mat Mat Sto Gar Mat Matter Collected 1372 | 228 142 166 305 283 248 Remotely . | . . . . . . Salvage Created 1579 | . 160 242 258 498 421 Parts 107 | . 22 18 22 19 26 Haulers Intercepted 1 | . . . . . 1 Recyclers Shooed 2 | . . . . . 2 Parts Field Recycled . | . . . . . . Retrieved Matter . | . . . . . . Parts Self-Destructed . | . . . . . . Prevented . | . . . . . . Kills | -11 -10 -9 -9 -9 -8 ------- Run | Yrd Mat Mat Sto Gar Mat Combat Hostiles Destroyed 42 | . 7 6 7 11 11 Guns 36 | . 7 2 6 11 10 Cannons 5 | . . 4 1 . . Classes Destroyed 7 | . 3 2 . . 2 Worker 2 | . . . . . 2 Builder 3 | . 1 1 1 . . Hauler 1 | . . . . . 1 Swarmer 12 | . 6 . . . 6 Grunt 20 | . 1 4 3 10 2 Brawler 3 | . . 1 . 1 1 Sentry 7 | . . 1 4 . 2 Best Kill Streak 8 | . 4 3 8 4 5 Combat Bots Only 7 | . 4 3 7 4 3 Max Kills in Single Turn 2 | . 1 1 2 1 2 Gunslinging 1 | . . . . . 1 Exploded . | . . . . . . Melee . | . . . . . . Uniques/NPCs Destroyed . | . . . . . . Combat | -11 -10 -9 -9 -9 -8 -------- Run | Yrd Mat Mat Sto Gar Mat Hostile Shots Fired 419 | . 37 17 137 71 157 Missed 108 | . 13 7 28 19 41 Damage Taken 4104 | . 206 116 1522 618 1642 Core 882 | . 10 12 217 87 556 Absorbed by Shields . | . . . . . . Regen/Repaired (Parts) 35 | . . . 35 . . Core Remaining (%) 72 | 100 96 . . 21 . Volleys Fired 160 | . 26 13 32 43 46 Largest 2 | . 2 2 2 2 2 Hottest 88 | . 40 58 58 46 88 Shots Fired 271 | . 52 26 60 72 61 Gun 238 | . 52 13 40 72 61 Cannon 33 | . . 13 20 . . Launcher . | . . . . . . Special . | . . . . . . Kinetic 268 | . 52 26 60 72 58 Thermal 3 | . . . . . 3 Explosive . | . . . . . . Electromagnetic . | . . . . . . Robot Hit Streak 17 | . 7 5 17 4 11 Robot Miss Streak 6 | . 6 3 3 4 3 Penetration Max . | . . . . . . Secondary Targets 10 | . 3 . 2 1 4 Max Gunslinging Chain 1 | . 1 . 1 1 1 Shots Hit Robots 169 | . 30 14 42 38 45 Core Hits 76 | . 10 12 16 19 19 Critical Kills 1 | . . . . . 1 Critical Parts Destroyed 3 | . 2 . . . 1 Critical Strikes 5 | . 2 . 1 . 2 Destroy 3 | . 2 . . . 1 Blast 1 | . . . 1 . . Smash 1 | . . . . . 1 Melee Attacks 25 | . . . . 7 18 Impact 25 | . . . . 7 18 Slashing . | . . . . . . Piercing . | . . . . . . Sneak Attacks 1 | . . . . . 1 Combat Hostiles . | . . . . . . Follow-up Attacks . | . . . . . . Damage Inflicted 2869 | . 346 286 759 583 895 Guns 2150 | . 346 140 505 583 576 Cannons 400 | . . 146 254 . . Explosions . | . . . . . . Melee 319 | . . . . . 319 Ramming . | . . . . . . Kinetic 2521 | . 346 286 759 583 547 Thermal 29 | . . . . . 29 Explosive . | . . . . . . Electromagnetic . | . . . . . . Impact 319 | . . . . . 319 Slashing . | . . . . . . Piercing . | . . . . . . Highest Corruption 3 | . . . . 1 3 Average Corruption 2 | . . . . 1 2 Corruption Purged . | . . . . . . Corruption Blocked . | . . . . . . Effects 5 | . . . . . 5 Message Errors 1 | . . . . . 1 Matter Fused 3 | . . . . . 3 Energy Discharges 1 | . . . . . 1 Overload Shots . | . . . . . . Overflow Damage 72 | . . . . . 72 Projectiles . | . . . . . . Explosions . | . . . . . . Melee 72 | . . . . . 72 Knockbacks 3 | . . 1 1 . 1 Impact 1 | . . . . . 1 Kinetic 2 | . . 1 1 . . Secondary . | . . . . . . Self-Inflicted Damage . | . . . . . . Shots . | . . . . . . Rammed . | . . . . . . Targets Rammed . | . . . . . . Kicked . | . . . . . . Crushed . | . . . . . . Highest Temperature 434 | . 6 4 434 14 10 Average Temperature 143 | . 6 2 236 5 5 Received Heat Transfer 1635 | . 24 63 630 315 603 Effects 4 | . . . 4 . . Shutdowns 2 | . . . 2 . . Energy Bleed 1 | . . . 1 . . Short Circuit 1 | . . . 1 . . Siege Activations . | . . . . . . Robots Corrupted . | . . . . . . Combat Hostiles . | . . . . . . Parts Fried . | . . . . . . Impact Corruptions 4 | . . . . . 4 Robots Melted . | . . . . . . Combat Hostiles . | . . . . . . Parts Melted . | . . . . . . Heat Transferred 74 | . . . . . 74 Parts Sabotaged . | . . . . . . Parts Stolen . | . . . . . . Parts Stripped . | . . . . . . Power Chain Reactions . | . . . . . . Alert | -11 -10 -9 -9 -9 -8 ------- Run | Yrd Mat Mat Sto Gar Mat Peak Influence 440 | . 218 201 179 440 384 Initial 214 | . . 15 84 116 214 Average 165 | . 72 66 133 295 284 Maximum Alert Level 2 | . 1 1 . 2 1 Low Security (%) 60 | 100 89 86 100 19 6 Level 1 36 | . 10 13 . 68 93 Level 2 2 | . . . . 12 . Level 3 . | . . . . . . Level 4 . | . . . . . . Level 5 . | . . . . . . High Security . | . . . . . . Max Security . | . . . . . . Squads Dispatched 7 | . 1 1 5 . . Investigation 2 | . 1 1 . . . Extermination . | . . . . . . Reinforcement 2 | . . . 2 . . Assault . | . . . . . . Garrison 3 | . . . 3 . . Intercept . | . . . . . . Searches Triggered . | . . . . . . Construction Impeded 1 | . . . 1 . . Haulers Reinforced . | . . . . . . Active Scanning Responses . | . . . . . . Cargo Convoy Interrupts . | . . . . . . Stealth | -11 -10 -9 -9 -9 -8 --------- Run | Yrd Mat Mat Sto Gar Mat Distress Signals 1 | . . . . . 1 Communications Jammed . | . . . . . . Distress Signals . | . . . . . . Times Spotted 55 | . 14 6 9 11 15 Peak Tracking Total 6 | . 6 3 4 4 5 Tactical Retreats . | . . . . . . Traps | -11 -10 -9 -9 -9 -8 ------- Run | Yrd Mat Mat Sto Gar Mat Traps Triggered 5 | . 1 1 . 3 . Indirectly . | . . . . . . Trap Hack Attempts . | . . . . . . Triggered . | . . . . . . Disarmed . | . . . . . . Reprogrammed . | . . . . . . Reused . | . . . . . . Traps Extracted . | . . . . . . Installed . | . . . . . . Triggered . | . . . . . . Machines | -11 -10 -9 -9 -9 -8 ---------- Run | Yrd Mat Mat Sto Gar Mat Machines Disabled 4 | . . . . 4 . Max in Single Turn 1 | . . . . 1 . Machines Repaired . | . . . . . . Machines Dismantled . | . . . . . . Machines Sabotaged . | . . . . . . Overloaded Fab Kills . | . . . . . . Hacking | -11 -10 -9 -9 -9 -8 --------- Run | Yrd Mat Mat Sto Gar Mat Machines Accessed 14 | . 6 1 4 2 1 Terminals 10 | . 6 . 2 2 . Fabricators . | . . . . . . Repair Stations 2 | . . . 1 . 1 Recycling Units 1 | . . 1 . . . Scanalyzers . | . . . . . . Garrison Access 1 | . . . 1 . . Total Hacks 34 | . 14 4 8 4 4 Successful 17 | . 6 1 6 2 2 Failed 17 | . 8 3 2 2 2 Catastrophic 1 | . 1 . . . . Database Lockouts . | . . . . . . Manual 6 | . 4 . 2 . . Terminals 23 | . 14 . 5 4 . Fabricators . | . . . . . . Repair Stations 6 | . . . 2 . 4 Recycling Units 4 | . . 4 . . . Scanalyzers . | . . . . . . Garrison Access 1 | . . . 1 . . Terminal Hacks 11 | . 6 . 3 2 . Record 1 | . 1 . . . . Emergency Access Points 1 | . . . . 1 . Locate Traps 4 | . 3 . 1 . . Registered Components 3 | . 2 . 1 . . Zone Layout 1 | . . . 1 . . Garrison Registry 1 | . . . . 1 . Fabricator Hacks . | . . . . . . Repair Station Hacks 4 | . . . 2 . 2 Scan Component 3 | . . . 1 . 2 Repair 1 | . . . 1 . . Recycling Unit Hacks 1 | . . 1 . . . Report Inventory 1 | . . 1 . . . Scanalyzer . | . . . . . . Garrison Access Hacks 1 | . . . 1 . . Unlock Access 1 | . . . 1 . . Unauthorized Hacks . | . . . . . . Terminals . | . . . . . . Fabricators . | . . . . . . Repair Stations . | . . . . . . Recycling Units . | . . . . . . Scanalyzers . | . . . . . . Garrison Access . | . . . . . . Data Cores Recovered . | . . . . . . Used . | . . . . . . Hacking Detections 12 | . 5 1 3 2 1 Full Trace Events 4 | . 1 1 . 1 1 Feedback Events 1 | . . . . 1 . Corruption 1 | . . . . 1 . Feedback Blocked . | . . . . . . Robot Schematics Acquired . | . . . . . . Robots Built . | . . . . . . Authchips . | . . . . . . Time . | . . . . . . Total Robot Build Rating . | . . . . . . Part Schematics Acquired . | . . . . . . Parts Built . | . . . . . . Authchips . | . . . . . . Time . | . . . . . . Total Part Build Rating . | . . . . . . Parts Repaired 1 | . . . 1 . . Time 32 | . . . 32 . . Parts Recycled . | . . . . . . Recycled Matter . | . . . . . . Retrieved Matter . | . . . . . . Retrieved Components . | . . . . . . Parts Scanalyzed . | . . . . . . Part Schematics Acquired . | . . . . . . Parts Damaged . | . . . . . . Bothacking | -11 -10 -9 -9 -9 -8 ------------ Run | Yrd Mat Mat Sto Gar Mat Used RIF Installer 1 | . . . . 1 . Robots Hacked . | . . . . . . Non-combat . | . . . . . . Combat . | . . . . . . Robot Hacks Applied . | . . . . . . Relay Couplers Released . | . . . . . . Fabnet Peak Effective % . | . . . . . . Robots Rewired . | . . . . . . Allies Hacked . | . . . . . . Hacks Repelled . | . . . . . . Allies | -11 -10 -9 -9 -9 -8 -------- Run | Yrd Mat Mat Sto Gar Mat Total Allies . | . . . . . . Largest Group . | . . . . . . Highest-Rated Group . | . . . . . . Highest-Rated Ally . | . . . . . . Total Orders . | . . . . . . Ally Attacks . | . . . . . . Total Damage . | . . . . . . Kills . | . . . . . . Allies Corrupted . | . . . . . . Allies Melted . | . . . . . . Intel | -11 -10 -9 -9 -9 -8 ------- Run | Yrd Mat Mat Sto Gar Mat Robot Analysis Total . | . . . . . . Derelict Logs Recovered . | . . . . . . Drone Launches . | . . . . . . Drone Recoveries . | . . . . . . Exploration | -11 -10 -9 -9 -9 -8 ------------- Run | Yrd Mat Mat Sto Gar Mat Turns Passed 2393 | 73 622 382 360 529 427 Spaces Moved 1256 | 51 337 202 133 382 151 Core 25 | 19 . . 2 . 4 Treads 760 | 32 337 202 82 . 107 Legs . | . . . . . . Wheels 471 | . . . 49 382 40 Hover . | . . . . . . Flight . | . . . . . . Fastest Speed 50 | 50 160 160 86 86 100 Average Speed 136 | 119 160 160 141 96 157 Slowest Speed 600 | 160 160 160 250 105 600 Overloaded Moves . | . . . . . . Propulsion Burnouts . | . . . . . . Robots Hopped . | . . . . . . Cave-ins Triggered . | . . . . . . Exploration Rate (%) 25 | 4 57 16 13 49 11 Regions Visited 5 Branch Regions 1 Pre-discovered Areas . | . . . . . . Known Exits Taken 1 | . . . 1 . . Unknown Exits Taken 3 | 1 1 1 . . . Scrap Searched . | . . . . . . Spaces Dug . | . . . . . . Terrain Destroyed . | . . . . . . Melee . | . . . . . . Projectile . | . . . . . . AOE . | . . . . . . Terrain Rammed . | . . . . . . Walls Destroyed . | . . . . . . Machines Disabled . | . . . . . . Actions | -11 -10 -9 -9 -9 -8 --------- Run | Yrd Mat Mat Sto Gar Mat Total 1621 | 63 373 234 245 458 248 Wait 56 | . . 6 44 . 6 Move 1250 | 50 336 201 132 380 151 Hop . | . . . . . . Pick Up 46 | 7 8 6 13 3 9 Fast Attach 3 | . 1 1 1 . . Attach 42 | 6 1 1 17 4 13 Detach 3 | . . . 3 . . Swap 10 | . . 3 1 3 3 Drop 8 | . 1 3 2 . 2 Fire 160 | . 26 13 32 43 46 Melee 25 | . . . . 7 18 Ram . | . . . . . . Kick . | . . . . . . Crush . | . . . . . . Escape Stasis 16 | . . . . 16 . Rewire 2 | . . . . 2 . Trap . | . . . . . . Miscellaneous . | . . . . . . Route ------- -11/Scrapyard -10/Materials -9/Materials -9/Storage -9/Garrison (discovered 3 exits: *Mat x3) -8/Materials History --------- Turn | Location | Event 10 | -11/Scrapyard | Discovered new exit (range 15) 74 | -11/Scrapyard | Entered Materials 304 | -10/Materials | Build established: Mutant 662 | -10/Materials | Discovered new exit (range 9) 696 | -10/Materials | Entered another Materials area 696 | -9/Materials | Evolved 2 slots: Propulsion x1, Utility x1 889 | -9/Materials | Discovered new exit (range 15) 1078 | -9/Materials | Entered Storage 1274 | -9/Storage | Core integrity fell below 50% 1296 | -9/Storage | Destroyed 7 combat bots 1301 | -9/Storage | Lost 13 parts (2p3n5u3w) 1429 | -9/Storage | Repaired Arm. Wheel 1437 | -9/Storage | Identified exit to Garrison 1438 | -9/Storage | Entered Garrison 1604 | -9/Garrison | Installed Relay Interface Framework 1614 | -9/Garrison | Triggered checkpoint 1714 | -9/Garrison | Triggered checkpoint 1895 | -9/Garrison | Discovered new exit (range 13) 1903 | -9/Garrison | Discovered new exit (range 13) 1903 | -9/Garrison | Discovered new exit (range 62) 1903 | -9/Garrison | Discovered new exit (range 85) 1967 | -9/Garrison | Entered Materials 1967 | -8/Materials | Evolved 2 slots: Propulsion x1, Utility x1 2056 | -8/Materials | Build established: Scavenger-Mutant 2106 | -8/Materials | Core integrity fell below 50% 2139 | -8/Materials | Core integrity fell below 20% 2171 | -8/Materials | Lost 11 parts (2p2n3u4w) 2394 | -8/Materials | Destroyed by G-47 Trooper with Particle Gun Last Messages --------------- 02355_ K-01 Serf collects debris. 02358_ S-10 Pest destroyed. 02360_ K-01 Serf collects debris. 02360_ K-01 Serf destroyed. 02360_ K-01 Serf collects debris. 02364_ S-10 Pest destroyed. 02364_ K-01 Serf collects debris. 02368_ R-06 Scavenger collects Wheel. 02371_ K-01 Serf collects debris. 02373_ R-06 Scavenger collects Med. Matter Pod. 02374_ K-01 Serf collects debris. 02374_ S-10 Pest destroyed. 02374_ K-01 Serf collects debris. 02375_ Broken Hvy. Assault Rifle destroyed. 02376_ R-06 Scavenger collects Wheel. 02378_ K-01 Serf collects debris. 02387_ Lgt. Treads destroyed. 02390_ A-02 Transporter destroyed. 02391_ W-25 Informer sends out distress signal. 02394_ K-01 Serf collects debris. Map ----- +----------------------------------------------------+ | | | ?????????????????????????????????????????????????? | | ?????????????????????????????????????????????????? | | ???????????????????????????????????????????????#?? | | ?????????????????????????????????????????????????? | | ?????????????????????????????????????????????????? | | ?????????????????????????????????????????????????? | | ???????????????????????????????????? ??? ????????? | | ?????????????????????????????????????????????? ??? | | ?????????????????????????????????#????????????? ?? | | ????????????????????????????????? ??????##???????? | | ???????????????????????##+##?#???????? ??????? ??? | | ???????????????????????#a ? ??????????????????## | | ?????????????????? ???## #???? ????? ???#??? ?#[ | | ??????????????????????? #???? ???????#???????# | | ???????????????????????#% #???#???????? ???????# | | ???????????????????????#[ #????##??????? ????# | | ???????????????????????#%= #?????????????? ????# | | ??????????????????????##= ########### ########## | | ??????????????????????#[% % ###################### | | ??????????????????????# * | | ??????????????????????# k | | ??????????? ??????????# %[ % | | ????????????? ???? ???# = ##########+########### | | ???????????? ????????## k ###########% ]### | | ???????????????????????# @ #????????## % % ### | | ???????????? ??#???? ??# #????????## % % ###* | | ????????????#??????????# t#???#????## + +* | | ???????????????????? ??# ###??#???## """ ###* | | ?????????????#?????????# #???????? # """ ### | | ??????????????????????## #??????? # "" #### | | ???????????#???? ?????? g ???????? # """ #### | | ???????????????????????==mk ???????? # ##?? | | ??????????????????????#=%==r? ???? ? ###########?? | | ??????????????????????#===r #???????"###########?? | | ??????????????????????# ! #??"???T????????????#? | | ??????????????????????## ##????? ????? ????????? | | ???????????????????????# #? ?????????? ???????? | | ???????????????????????? ?????????????????? ???? | | ???????????????????????? ????????????? ????????? | | ???????????????????????? w?????????#??? ?"??????? | | ?????????????????????????????????????????????????? | | ?????????????????????????????????????????????????? | | ?????????????????????????????????????????????????? | | ?????????????????????????????????????????????????? | | ?????????????????????????????????????????????????? | | ?????????????????????????????????????????????????? | | ?????????????????????????????????????????????????? | | ?????????????????????????????????????????????????? | | ?????????????????????????????????????????????????? | +----------------------------------------------------+ Best States ------------- Heat Dissipation 51 Energy Generation 12 Energy Capacity 265 Matter Stores 300 Matter Capacity 300 Sight Range 16 Terrain Scan Range 16 Terrain Scan Density 10 ECM Strength 1 Armor Coverage 450 Evasion (%) 50 Targeting Accuracy 5 Recoil Reduction 3 Item Schematics ----------------- None Robot Schematics ------------------ None Fabricated ------------ Nothing Alien Tech Used ----------------- None Achievements -------------- None Challenges ------------ None Game ------ Seed WaveFluxSheargun Manual? 0 Play Time 00:27:46 Cumulative 3.7 hours Start 2024.04.05 @ 02:08:30 End 2024.04.05 @ 02:34:42 Sessions 1 Manual Loads 0 Difficulty Rogue Special Mode None Game No. 5 Rogue 5 Adventurer 0 Explorer 0 Win Type - Total 0 Types 0/0/0/0/0/0/0/0/0 Lore% 2 Gallery% 9 Achievement% 12 Wizard Run 0 Options --------- Layout 1 ASCII 0 Keyboard 0 Movement Arrows Keybinds 0 Fullscreen 0 Font 28/SmallcapsGlow Map View 59x39 Zoom Use 0% Tactical HUD 1 Map Filters NONE Filters NONE Steam 1 RUN: 73d2e607-6ade-48a8-a465-244dc061c0eb